 Dungeon Crawl Stone Soup version 0.31-a0-263-ge8cad7f256 (webtiles) character file.

Game seed: 1639883482988974153

59 qw the Shooter (level 4, -6/26 HPs)
             Began as a Gargoyle Hexslinger on July 13, 2023.
             Killed from afar by Sigmund (11 damage)
             ... with a puff of flame
             ... on level 2 of the Dungeon.
             The game lasted 00:00:27 (1092 turns).

qw the Shooter (Gargoyle Hexslinger)                Turns: 1092, Time: 00:00:27

Health: -6/26      AC:  6    Str: 11    XL:     4   Next: 3%
Magic:  5/5        EV: 12    Int: 14    God:
Gold:   113        SH:  0    Dex: 14    Spells: 4/5 levels left

rFire   . . .        Y - +1 sling
rCold   . . .        (no shield)
rNeg    + . .        c - +0 robe
rPois   inf          (no helmet)
rElec   +            (no cloak)
rCorr   .            f - +0 pair of gloves
SInv    .            (no boots)
Will    .....        (no amulet)
Stlth   +            (no ring)
HPRegen 0.24/turn    (no ring)
MPRegen 0.09/turn

%: no passive effects
@: about to teleport
A: sickness immunity, AC +3, negative energy resistance 1, electricity
resistance, torment resistance 1, petrification resistance
a: no special abilities


You were on level 2 of the Dungeon.
You visited 1 branch of the dungeon, and saw 2 of its levels.

You collected 113 gold pieces.


Innate Abilities, Weirdness & Mutations

You are immune to sickness and miasma.
Your stone body is resilient. (AC +3)
You are immune to poison.
You resist negative energy. (rN+)
You are resistant to electric shocks. (rElec)
You are resistant to unholy torment.
You are immune to petrification.


   Skills:
 - Level 2.0 Fighting
 + Level 3.9 Ranged Weapons
 - Level 1.5 Dodging
 - Level 1.0 Spellcasting
 - Level 2.6 Hexes


You had 4 spell levels left.
You knew the following spells:

 Your Spells              Type           Power      Damage    Failure   Level
a - Slow                  Hex            32%        N/A       9%          1

Your spell library contained the following spells:

 Spells                   Type           Power      Damage    Failure   Level
 Inner Flame              Hex/Fire       4%         N/A       41%         3
 Portal Projectile        Hex/Tloc       8%         N/A       41%         3
 Cause Fear               Hex            4%         N/A       65%         4

Inventory:

Hand Weapons
 Y - a +1 sling (weapon)
Armour
 b - a +0 leather armour
 c - a +0 robe (worn)
 f - a +0 pair of gloves (worn)
Scrolls
 a - a scroll of teleportation
 d - a scroll of amnesia {unknown}
 g - a scroll of identify
 h - a scroll of vulnerability {unknown}
Potions
 e - 2 potions of attraction {unknown}

Dungeon Overview and Level Annotations

Branches:
Dungeon (2/15)

Altars:
Sif Muna

Shops:
D:2 [

Annotations:
D:2 Sigmund


Message History

Sigmund zaps a wand.
The puff of flame hits you!
Ouch! That really hurt!
You shoot a sling bullet.
The sling bullet hits Sigmund but does no damage.
Sigmund is heavily wounded.
Sigmund points at you and mumbles some strange words.
The magic dart hits you.
You shoot a sling bullet. The sling bullet hits Sigmund.
Sigmund is heavily wounded.
Sigmund giggles. "Time to reap what you sow."
Sigmund zaps a wand.
The puff of flame hits you!
1076 ||| READING 3 scrolls of teleportation.
As you read the scroll of teleportation, it crumbles to dust.
You feel strangely unstable. Sigmund closely misses you.
You shoot a sling bullet. The sling bullet hits Sigmund!
Sigmund is almost dead.
A giant cockroach comes into view.
You shoot a sling bullet.
The sling bullet closely misses Sigmund.
Sigmund completely misses you.
You shoot a sling bullet. The sling bullet hits Sigmund.
Sigmund is almost dead.
Your surroundings suddenly seem different.
Found a scroll of teleportation.
Found a shimmering blue altar of Sif Muna.
Enter note:
Enter note:
Enter note:
Enter note:
Enter note:
Enter note: You start resting.
Sigmund is nearby!
1092 ||| READING 2 scrolls of teleportation.
As you read the scroll of teleportation, it crumbles to dust.
You feel strangely unstable.
Sigmund points at you and mumbles some strange words.
The puff of flame hits you!
You die...

..>.......
..B.....##.#
.......###
.....@..# .#
.......#
....!...# .#
.......#
........# .#
......##
........# ##
.....#
.######## ....
_@.###########
....\..@.....#
........?......
#...##########.
###


You could see Sigmund.

Vanquished Creatures
  An adder (D:2)
  A worm (D:2)
  A dart slug (D:1)
  2 ball pythons
  8 endoplasms
  3 giant cockroaches (D:1)
  8 goblins
  5 hobgoblins
  A quokka (D:1)
  4 frilled lizards (D:1)
  2 kobolds (D:1)
  3 rats
39 creatures vanquished.

Notes
Turn   | Place    | Note
-------+----------+-------------------------------------------
     0 | D:1      | qw the Gargoyle Hexslinger began the quest for the Orb.
     0 | D:1      | Reached XP level 1. HP: 12/12 MP: 2/2
     0 | D:1      | 0 ||| qw: Version: 0.3-a-52-g30416fa
     0 | D:1      | 0 ||| qw: Game counter: 7062
     0 | D:1      | 0 ||| qw: Melee chars always use a shield: true
     0 | D:1      | 0 ||| qw: God list: Okawaru
     0 | D:1      | 0 ||| qw: Allow faded altars: false
     0 | D:1      | 0 ||| qw: Do Orc after clearing Dungeon:15 true
     0 | D:1      | 0 ||| qw: Do second Lair branch before Depths: true
     0 | D:1      | 0 ||| qw: Lair rune preference: random
     0 | D:1      | 0 ||| qw: Goals: Normal
     0 | D:1      | 0 ||| PLANNING D:1-11
   147 | D:1      | Reached XP level 2. HP: 16/16 MP: 3/3
   233 | D:1      | Reached skill level 3 in Ranged Weapons
   521 | D:1      | Reached XP level 3. HP: 15/21 MP: 4/4
   707 | D:1      | 707 ||| UPGRADING to +0 pair of gloves.
   712 | D:1      | 712 ||| READING 3 scrolls labelled ZUAPSAMYOWK.
   715 | D:1      | 715 ||| READING scroll labelled YSUPOD FEIKK.
   716 | D:1      | 716 ||| DROPPING scroll of poison.
   990 | D:2      | Reached XP level 4. HP: 12/26 MP: 5/5
  1068 | D:2      | Noticed Sigmund
  1075 | D:2      | HP: 1/26 [Sigmund/puff of flame (8)]
  1076 | D:2      | 1076 ||| READING 3 scrolls of teleportation.
  1079 | D:2      | Found Qatas's Armour Shop.
  1079 | D:2      | Found a shimmering blue altar of Sif Muna.
  1092 | D:2      | 1092 ||| READING 2 scrolls of teleportation.
  1092 | D:2      | Killed from afar by Sigmund

Levels and vault maps discovered:
D:1:      psy_arrival_terrarium, layout_loops_ring
D:2:      minmay_angry_zag, layout_rooms, serial_shops, shop, basic_altar,
          minmay_goblin_outpost, uniq_sigmund, uniq_crazy_yiuf_cottage

Skill      XL: |  1  2 |
---------------+-------+-----
Ranged Weapons | 3 |  3.9
Fighting       | 2 |  2.0
Dodging        | |  1.5
Spellcasting   | |  1.0
Hexes          | |  2.6

Action                     |  1- 3 |  4- 6 || total
---------------------------+-------+-------++-------
   Fire: Sling             |   103 |    10 ||   113
    Use: Scroll            |     2 |     2 ||     4
 Armour: Robe              |    10 |       ||    10
  Dodge: Dodged            |    25 |     2 ||    27

Table legend:
 A = Non-vault XP
 B = Vault XP
 C = Vault XP percentage of total XP
 D = Non-vault monster count
 E = Vault monster count
 F = Vault count percentage of total count
                 A         B        C        D         E       F
            +---------+---------+-------+---------+---------+-------
      Total |      46 |      39 |  45.9 |      26 |      13 |  33.3
            +---------+---------+-------+---------+---------+-------
        D:1 |      43 |       0 |   0.0 |      24 |       0 |   0.0
        D:2 |       3 |      39 |  92.9 |       2 |      13 |  86.7
            +---------+---------+-------+---------+---------+-------
